 Dungeon Crawl Stone Soup version 0.26.0-45-g9c1d065592 (webtiles) character file.

Game seed: 8996551624353507373

25540 lawman0 the Grappler (level 12, 0/120 HPs)
             Began as a Palentonga Transmuter on Jan 30, 2021.
             Was a High Priest of Cheibriados.
             Slain by a yak (6 damage)
             ... on level 5 of the Lair of Beasts.
             The game lasted 00:27:32 (13225 turns).

lawman0 the Grappler (Palentonga Transmuter)       Turns: 13225, Time: 00:27:32

Health: 0/120      AC:  8    Str: 26    XL:     12   Next: 90%
Magic:  24/33      EV: 15    Int: 31    God:    Cheibriados [*****.]
Gold:   974        SH:  0    Dex: 25    Spells: 6/27 levels left

rFire    x . .     SeeInvis +     - Unarmed
rCold    + + +     Faith    .   (shield currently unavailable)
rNeg     . . .     Spirit   .   (armour currently unavailable)
rPois    +         Reflect  .   (helmet currently unavailable)
rElec    .         Harm     .   (cloak currently unavailable)
rCorr    .         Rampage  .   (gloves currently unavailable)
Will     .....                  (no barding)
Stlth    +++.......             b - amulet of magic regeneration
HPRegen  0.30/turn              I - ring of stealth
MPRegen  0.48/turn              A - ring of magical power

@: ice-form, very slow
A: large, rugged brown scales 3, see invisible
a: End Transformation, Renounce Religion, Bend Time, Temporal Distortion,
Slouch, Step From Time


You were on level 5 of the Lair of Beasts.
You worshipped Cheibriados.
Cheibriados was extremely pleased with you.
You were a creature of crystalline ice.
You visited 3 branches of the dungeon, and saw 15 of its levels.
You also visited: Ossuary.

You collected 974 gold pieces.

Inventory:

Missiles
 e - 3 javelins (quivered)
 B - 20 poisoned darts
 D - 2 throwing nets
 E - 12 curare-tipped darts
 G - 3 atropa-tipped darts
Armour
 f - a +2 pair of gloves (melded)
 r - a +1 troll leather armour (melded) {Purgy}
 C - a +0 hat (melded)
Jewellery
 b - an amulet of magic regeneration (around neck)
 A - a ring of magical power (right front paw)
 I - a ring of stealth (left front paw)
 N - an uncursed amulet of guardian spirit {unknown}
Wands
 i - a wand of polymorph (10)
 n - a wand of flame (9)
 p - a wand of iceblast (14)
 F - a wand of acid (1)
 L - a wand of digging (9)
Scrolls
 d - 2 scrolls of fear {unknown}
 g - a scroll of amnesia
 h - 3 scrolls of magic mapping
 j - 7 scrolls of immolation
 l - 7 scrolls of remove curse
 m - a scroll of blinking {unknown}
 o - 2 scrolls of fog
 t - 3 scrolls of enchant weapon {unknown}
 v - 3 scrolls of noise {unknown}
 y - a scroll of silence {unknown}
 z - 3 scrolls of teleportation
 M - 2 scrolls of vulnerability {unknown}
Potions
 a - 4 potions of lignification
 c - 3 potions of might {unknown}
 k - 5 potions of mutation {unknown}
 q - 4 potions of flight
 s - 3 potions of curing
 u - 3 potions of invisibility {unknown}
 w - 6 potions of attraction
 x - 2 potions of magic {unknown}
 J - 3 potions of brilliance
 K - 3 potions of ambrosia


   Skills:
 + Level 5.1 Fighting
 - Level 0.2 Throwing
 + Level 4.7 Armour
 + Level 6.2 Dodging
 + Level 12.6 Unarmed Combat
 + Level 8.3 Spellcasting
 * Level 2.1 Translocations
 * Level 11.3 Transmutations
 + Level 0.3 Ice Magic
 - Level 1.4 Poison Magic
 + Level 2.1 Invocations
 + Level 0.2 Evocations


You had 6 spell levels left.
You knew the following spells:

 Your Spells              Type           Power        Failure   Level
a - Beastly Appendage     Tmut           100%         1%          1
b - Wereblood             Tmut           70%          1%          2
c - Spider Form           Tmut/Pois      25%          1%          3
d - Ice Form              Ice/Tmut       49%          3%          4
e - Blade Hands           Tmut           35%          1%          5
f - Passage of Golubria   Tloc           N/A          16%         4
g - Passwall              Tmut/Erth      40%          1%          2

Your spell library contained the following spells:

 Spells                   Type           Power        Failure   Level
 Magic Dart               Conj           48%          3%          1
 Summon Small Mammal      Summ           48%          3%          1
 Call Imp                 Summ           12%          6%          2
 Searing Ray              Conj           24%          6%          2
 Swiftness                Air            12%          6%          2
 Call Canine Familiar     Summ           12%          12%         3
 Dazzling Flash           Conj/Hex       24%          12%         3
 Summon Guardian Golem    Hex/Summ       12%          12%         3
 Iskenderun's Mystic Bla  Conj/Tloc      19%          26%         4
 Summon Ice Beast         Ice/Summ       14%          34%         4
 Fulminant Prism          Conj/Hex       6%           36%         4
 Summon Lightning Spire   Summ/Air       12%          36%         4
 Lee's Rapid Deconstruct  Erth           6%           71%         5
 Invisibility             Hex            12%          99%         6


Dungeon Overview and Level Annotations

Branches:
Dungeon (9/15)             Temple (1/1) D:4            Lair (5/6) D:9
 Shoals (0/4) Lair:2       Spider (0/4) Lair:2          Orc (0/2) D:9
Ossuary (visited)
  Slime: Lair:5-6

Altars:
Ashenzari
Cheibriados
Dithmenos
Elyvilon
Fedhas
Gozag
Hepliaklqana
Kikubaaqudgha
Nemelex Xobeh
Okawaru
Qazlal
Ru
Sif Muna
Trog
Uskayaw
Vehumet
Wu Jian
Xom
Yredelemnul
Zin
The Shining One

Shops:
D:5 (   D:9 [


Innate Abilities, Weirdness & Mutations

(You are completely covered in rugged brown scales. (AC +3, +7% HP))
You have supernaturally acute eyesight. (SInv)
((Armour fits poorly on your strangely shaped body.))
((You can roll at nearby foes to attack.))
((You have a long armoured tail.))
((You curl defensively after being hit.))


Message History

The five-headed hydra closely misses you.
The five-headed hydra bites you!
* * * LOW HITPOINT WARNING * * *
The five-headed hydra bites you!
* * * LOW HITPOINT WARNING * * *
The five-headed hydra closely misses you.
Unknown command.
Okay, then.
You can feel time thicken for a moment.
Cheibriados lowers the support of your attributes as your movement quickens.
The yak closely misses you. The five-headed hydra bites you!
* * * LOW HITPOINT WARNING * * *
The five-headed hydra bites you.
* * * LOW HITPOINT WARNING * * *
The five-headed hydra bites you.
* * * LOW HITPOINT WARNING * * *
The five-headed hydra barely misses you.
The five-headed hydra closely misses you.
You fail to use your ability.
The yak gores you.
You die...

*,,,,,,*,,,,,,,.,,,,,,,**,,,,,,,,
,,,,,,,,,..,,,*,.,,*,,,,*,**,,,,,
^,,,,,,,,...##,,.#*,**,,,***,,,,,
<,****,,,,..#..,,.###**,,,.*,,,,,
,** **,,*.,#...###..###*...*,,,,,
,* **,,,,#.#...#.#....#....,,*,,,
****,,,,,................S.,,,,,*
***,,,,,,#♣....Y♣†.<..♣..,,,**,,*
*,,,,,,,,......DY..........,,+,,,
,,,,,,,,,.##...##....###...***,,,
,,,,,,,,,.....,*######**,,.**,,,,
,,,,,,***).##,,,** ***,,,***,,,,
,,,,,****.,,*,,,,****,,,,***,,,,,
,*,,,,,*,,,,,**,,,,*,,,,**,,*,,,,
,,,,,,,**,,,****,,,,,,,**,,**,,,,
,,,,,,,,,,,,*****,,>,***,,,*,,,,,
,,,,,,,,,,,,,**,,**,*,,,,,,**,,,,


You could see a five-headed hydra and a yak.

Vanquished Creatures
  A hydra (Lair:2)
  A boulder beetle (Lair:2)
  2 two-headed ogres (D:9)
  Sonja (Lair:2)
  Nergalle (Lair:2)
  4 elephants (Lair:3)
  A black mamba (Lair:4)
  A torpor snail (Lair:3)
  Maggie (Lair:2)
  5 cane toads
  The ghost of MrSixtyFour the Ruffian, a novice DrTm of Cheibriados (D:5)
  A demonic crawler (Lair:2)
  3 rime drakes
  12 komodo dragons
  2 polar bears
  A troll (D:8)
  5 blink frogs (Lair:3)
  Prince Ribbit (D:8)
  A spriggan (Lair:2)
  24 yaks
  2 wyverns
  A steam dragon (Lair:4)
  3 basilisks
  Menkaure (D:5)
  5 vampire mosquitoes (Lair:1)
  9 water moccasins
  Purgy (D:3)
  7 black bears
  A swamp drake (D:9)
  A hornet zombie (D:5)
  5 sky beasts
  2 orc warriors
  3 ice beasts
  A necrophage (D:7)
  A phantom (D:3)
  4 wolves (Lair:4)
  2 ogres
  A centaur (D:9)
  18 bullfrogs
  A wyvern skeleton (D:9)
  4 scorpions
  A killer bee (D:6)
  13 wights
  6 howler monkeys
  An electric eel (D:6)
  A jelly (D:6)
  A quasit (D:9)
  6 hounds
  3 orc priests
  2 orc wizards
  A bullfrog skeleton (D:4)
  Natasha (thrice) (D:2)
  2 iguanas
  3 worker ants
  A hound skeleton (D:4)
  4 mummies
  2 worker ant zombies
  4 gnolls (D:8)
  8 adders
  A river rat (D:6)
  2 shadow imps
  A white imp (D:8)
  2 oozes (D:3)
  6 adder zombies
  4 adder skeletons
  4 worms
  3 dart slugs (D:1)
  4 leopard geckos
  33 orcs
  11 giant cockroaches
  11 goblins
  4 hobgoblins
  22 jackals
  10 kobolds
  4 quokkas
  A ball python (D:4)
  8 bats
  6 frilled lizards
  A gnoll zombie (Ossuary)
  A goblin zombie (Ossuary)
  2 hobgoblin zombies (Ossuary)
  A jackal zombie (D:5)
  3 kobold zombies (Ossuary)
  A leopard gecko zombie (D:7)
  An orc zombie (Ossuary)
  3 quokka skeletons
  6 quokka zombies (Ossuary)
  8 rats
  A rat zombie (Ossuary)
  A butterfly (Lair:1)
370 creatures vanquished.

Vanquished Creatures (others)
  A quokka (D:3)
  12 fungi
  27 plants
40 creatures vanquished.

Grand Total: 410 creatures vanquished

Notes
Turn   | Place    | Note
-------+----------+-------------------------------------------
     0 | D:1      | lawman0 the Palentonga Transmuter began the quest for the
                  | Orb.
     0 | D:1      | Reached XP level 1. HP: 17/17 MP: 3/3
   181 | D:1      | Reached XP level 2. HP: 23/24 MP: 3/5
   489 | D:1      | Learned a level 2 spell: Wereblood
   964 | D:1      | Reached XP level 3. HP: 22/29 MP: 6/6
  1203 | D:2      | Found an opulent altar of Gozag.
  1205 | D:2      | Found a sparkling altar of Nemelex Xobeh.
  1205 | D:2      | Noticed Natasha
  1212 | D:2      | Reached skill level 4 in Unarmed Combat
  1215 | D:2      | Killed Natasha
  1303 | D:2      | Reached XP level 4. HP: 17/37 MP: 7/7
  1365 | D:2      | Noticed Natasha
  1371 | D:2      | Killed Natasha
  1788 | D:2      | Noticed Natasha
  1805 | D:2      | Killed Natasha
  2058 | D:2      | Found a shimmering blue altar of Sif Muna.
  2087 | D:2      | Reached XP level 5. HP: 36/42 MP: 8/8
  2292 | D:3      | Found a white marble altar of Elyvilon.
  2631 | D:3      | Noticed Purgy
  2643 | D:3      | Killed Purgy
  2644 | D:3      | Reached skill level 5 in Unarmed Combat
  2644 | D:3      | Reached XP level 6. HP: 23/50 MP: 9/9
  3130 | D:3      | Reached skill level 1 in Armour
  3191 | D:3      | Reached skill level 6 in Unarmed Combat
  3193 | D:3      | Gained mutation: You curl defensively after being hit.
                  | [Palentonga growth]
  3193 | D:3      | Reached XP level 7. HP: 14/55 MP: 11/11
  3353 | D:4      | Found a staircase to the Ecumenical Temple.
  3358 | D:4      | Learned a level 3 spell: Spider Form
  3366 | Temple   | Entered the Ecumenical Temple
  3457 | D:4      | Found a snail-covered altar of Cheibriados.
  3474 | D:4      | Became a worshipper of Cheibriados the Contemplative
  3558 | D:4      | Found a blossoming altar of Fedhas.
  4086 | D:5      | Entered Level 5 of the Dungeon
  4086 | D:5      | Noticed Menkaure
  4095 | D:5      | Killed Menkaure
  4095 | D:5      | Reached * piety under Cheibriados
  4187 | D:5      | Reached skill level 7 in Unarmed Combat
  4291 | D:5      | Found a sand-covered staircase.
  4302 | Ossuary  | Entered an ossuary
  4607 | D:5      | Reached XP level 8. HP: 48/64 MP: 12/12
  4636 | D:5      | Found a large runed translucent door.
  4636 | D:5      | Found a large runed translucent door.
  4637 | D:5      | Noticed MrSixtyFour's ghost (novice DrTm)
  4666 | D:5      | Killed MrSixtyFour's ghost
  4667 | D:5      | Reached skill level 8 in Unarmed Combat
  4879 | D:5      | Found a shadowy altar of Dithmenos.
  4916 | D:5      | Found Lohowui's Antique Weapon Emporium.
  5411 | D:6      | Learned a level 4 spell: Ice Form
  5509 | D:6      | Reached ** piety under Cheibriados
  5553 | D:6      | Reached skill level 9 in Unarmed Combat
  5643 | D:6      | Found a hazy altar of Hepliaklqana.
  5841 | D:6      | Reached XP level 9. HP: 71/71 MP: 14/14
  6670 | D:7      | Reached *** piety under Cheibriados
  6806 | D:7      | Reached skill level 5 in Transmutations
  6918 | D:7      | Reached skill level 10 in Unarmed Combat
  6918 | D:7      | Reached skill level 1 in Poison Magic
  6992 | D:7      | Got an iridescent trident
  7280 | D:8      | Noticed Prince Ribbit
  7287 | D:8      | Learned a level 5 spell: Blade Hands
  7292 | D:8      | Killed Prince Ribbit
  7507 | D:8      | Noticed a troll
  7515 | D:8      | Killed a troll
  7515 | D:8      | HP: 3/72 [poisoned by a scorpion]
  7717 | D:8      | Reached **** piety under Cheibriados
  7767 | D:8      | Reached skill level 11 in Unarmed Combat
  7767 | D:8      | Reached XP level 10. HP: 66/82 MP: 15/15
  8018 | D:8      | Identified the +2 trident of Diet Blood {flame, Dex+5
                  | Stlth+} (You found it on level 7 of the Dungeon)
  8399 | D:9      | Found Qisuosm's Armour Shoppe.
  8401 | D:9      | Found a staircase to the Orcish Mines.
  8405 | D:9      | Noticed a two-headed ogre
  8418 | D:9      | Killed a two-headed ogre
  8712 | D:9      | Noticed a two-headed ogre
  8721 | D:9      | Killed a two-headed ogre
  8973 | D:9      | Reached ***** piety under Cheibriados
  9107 | D:9      | Reached skill level 5 in Dodging
  9107 | D:9      | Reached skill level 5 in Spellcasting
  9201 | D:9      | Found a staircase to the Lair.
  9543 | D:9      | Found a blossoming altar of Fedhas.
  9789 | Lair:1   | Entered Level 1 of the Lair of Beasts
  9946 | Lair:1   | Reached XP level 11. HP: 89/89 MP: 9/18
 10730 | Lair:2   | Found a hole to the Spider Nest.
 10749 | Lair:2   | Noticed Maggie
 10762 | Lair:2   | Killed Maggie
 10963 | Lair:2   | Noticed a boulder beetle
 10976 | Lair:2   | Killed a boulder beetle
 11092 | Lair:2   | Found a staircase to the Shoals.
 11094 | Lair:2   | Noticed Sonja
 11102 | Lair:2   | Killed Sonja
 11208 | Lair:2   | Noticed Nergalle
 11215 | Lair:2   | Killed Nergalle
 11335 | Lair:2   | Noticed a five-headed hydra
 11340 | Lair:2   | Killed a five-headed hydra
 11484 | Lair:3   | Reached skill level 10 in Transmutations
 11609 | Lair:3   | Reached ****** piety under Cheibriados
 11620 | Lair:3   | Reached XP level 12. HP: 87/98 MP: 20/23
 12141 | Lair:3   | Reached skill level 12 in Unarmed Combat
 12457 | Lair:3   | Reached skill level 5 in Fighting
 12628 | Lair:3   | Learned a level 4 spell: Passage of Golubria
 12631 | Lair:3   | Learned a level 2 spell: Passwall
 12694 | Lair:4   | Reached skill level 1 in Invocations
 12833 | Lair:4   | Reached skill level 1 in Translocations
 13216 | Lair:5   | Noticed a five-headed hydra
 13224 | Lair:5   | HP: 6/120 [five-headed hydra (5)]
 13225 | Lair:5   | Slain by a yak

Illustrated notes

Levels and vault maps discovered:
D:1:      amcnicky_arrival_gap_in_the_tavern_cellar, layout_loops_ring,
          kennysheep_minor_cross
D:2:      layout_rooms, grunt_temple_overflow_opulence, lemuel_round_altar,
          uniq_natasha
D:3:      wander_river, layout_basic, elyvilon_altar_4, kennysheep_another_room,
          uniq_purgy
D:4:      layout_cave_pools, cheibriados_altar_1,
          minmay_temple_entry_proselytizer, fedhas_altar_fruit_tree
D:5:      layout_loops_corners, kennysheep_mini, ebering_ghost_disaster_area,
          gup_ossuary_entry_pyramid, serial_shops,
          nicolae_shop_overgrown_old_shop, uniq_menkaure
D:6:      layout_basic, nzn_hepliaklqana_mist_gate, serial_bayou,
          serial_bayou_ford_a, serial_bayou_pond_e, serial_bayou_crossing,
          serial_bayou_pond_e, serial_bayou_pond_b, serial_bayou_shore_b
D:7:      layout_basic
D:8:      minmay_blocky_corners, layout_basic, nicolae_overflow_hidden_temple,
          uniq_prince_ribbit1
D:9:      layout_irregular_city, kennysheep_little_box, erik_lair_dragon,
          orc_david_3, serial_glass, glass_columns_a, glass_columns_b,
          glass_columns_c, glass_columns_a, glass_columns_c
Temple:   cyrus_circular_temple
Lair:1:   layout_regular_city, minivault_26, pond, lemuel_fruit_fields
Lair:2:   layout_roguey, elwin_shoals_entry_rocks,
          nicolae_spider_entry_non_spiders, columned_hall_lemuel,
          grunt_forest_large_clearing_hut, uniq_maggie, uniq_nergalle,
          uniq_sonja
Lair:3:   layout_loops_ring, beast_lair_carwin_5, grunt_megastairs_3
Lair:4:   layout_big_grid, infiniplex_staircase_pool_2, grunt_megastairs_2
Lair:5:   layout_concentric_octagons, basic_altar,
          portal_ice_cave_entry_ice_beasts, grunt_megastairs_5

Skill      XL: |  1  2  3  4  5  6  7  8  9 10 11 12 |
---------------+-------------------------------------+-----
Unarmed Combat | 4 5 6 7 9 11 12 | 12.6
Dodging        | 2 3 4 5 6 |  6.2
Transmutations | 3 4 5 7 10 11 | 11.3
Armour         | 1 2 3 4 |  4.7
Spellcasting   | 3 5 7 8 |  8.3
Fighting       | 2 3 4 5 |  5.1
Poison Magic   | 1 |  1.4
Invocations    | 2 |  2.1
Translocations | 2 |  2.1
Throwing       | |  0.2
Ice Magic      | |  0.3
Evocations     | |  0.2

Action                   |  1- 3 |  4- 6 |  7- 9 | 10-12 || total
-------------------------+-------+-------+-------+-------++-------
Melee: Unarmed           |   106 |   180 |   441 |   406 ||  1133
       Kick              |     8 |    10 |    17 |       ||    35
       Tailslap          |     7 |    14 |    39 |    55 ||   115
       Headbutt          |     8 |    13 |    13 |       ||    34
       Punch             |     4 |       |    10 |    15 ||    29
Throw: Javelin           |       |     5 |     7 |     2 ||    14
       Boomerang         |       |       |     1 |       ||     1
 Cast: Beastly Appendage |    17 |    12 |    13 |       ||    42
       Wereblood         |     1 |     5 |     3 |       ||     9
       Spider Form       |       |       |    17 |    18 ||    35
       Blade Hands       |       |       |       |    26 ||    26
       Ice Form          |       |       |       |     4 ||     4
Invok: Slouch            |       |       |       |     5 ||     5
 Abil: Rolling Charge    |       |     7 |     3 |     1 ||    11
       End Transformatio |       |       |       |     3 ||     3
Evoke: Wand              |       |     5 |     3 |       ||     8
  Use: Scroll            |       |     5 |     7 |    10 ||    22
       Potion            |       |     2 |     5 |     2 ||     9
 Stab: Sleeping          |       |     1 |     2 |     8 ||    11
       Confused          |       |       |       |     3 ||     3
       Distracted        |       |       |       |     2 ||     2
Armor: Robe              |    59 |    32 |       |       ||    91
       Leather armour    |       |     9 |       |       ||     9
       Troll leather arm |       |    18 |   108 |    56 ||   182
       Skin              |       |       |     3 |    19 ||    22
Dodge: Dodged            |    75 |    96 |   260 |   324 ||   755
